[Event "Late-Titled-Tuesday-Blitz-June-18-2024"]
[Site "Chess.com"]
[Date "2024.06.18"]
[Round "4"]
[White "WildTricks"]
[Black "imdarealist"]
[Result "1-0"]
[WhiteElo "2705"]
[BlackElo "2252"]
[TimeControl "180+1"]
[EndTime "14:43:15 PDT"]
[Termination "WildTricks won on time"]

1. e4 e5 2. Nf3 Nf6 3. Nxe5 d6 4. Nd3 Nxe4 5. Qe2 Qe7 6. Nf4 Nf6 7. d4 d5 8. f3 Bf5 9. c3 c6 10. Kf2 Qxe2+ 11.
Bxe2 Bd6 12. g4 Bd7 13. g5 Ng8 14. h4 Ne7 15. Nd3 Bf5 16. Nd2 Nd7 17. Nf1 f6 18.
Ng3 Kd8 19. Nxf5 Nxf5 20. Nf4 Nf8 21. Bd3 Ne7 22. Nh5 fxg5 23. hxg5 Ne6 24. Bd2 Kd7 25. Rae1 Raf8 26. Rh4 Ng6 27. Rhh1 Ngf4 28. Nxf4 Nxf4 29. Bc2 h5 30. gxh6 Rxh6 31. Rxh6 gxh6 32. Rh1 Rh8 33. Rh4 Ne6 34. Rxh6 Rxh6 35. Bxh6 Ke7 36. Be3 Kf6 37.
Bd3 a6 38. Bf1 Bc7 39. Bh3 Bd6 40. Bg4 Bc7 41. Kg2 Nf4+ 42. Kf2 Ne6 43. Ke2 Bd6 44. Bh3 Bc7 45. Kd3 Bd6 46. Bg4 Bc7 47. Bxe6 Kxe6 48. Ke2 Kf5 49. Kf2 Bd8 50. Kg2 Be7 51. Kg3 Bd6+ 52.
Kh4 Bf8 53. Kh5 Bg7 54. Bh6 Bf6 55. Be3 Bg7 56. Bd2 Bf6 57. Kh6 Ke6 58. Kg6 Be7 59. f4 Kd7 60. Kf7 Bc5 61. dxc5 1-0

[Event "Late-Titled-Tuesday-Blitz-June-18-2024"]
[Site "Chess.com"]
[Date "2024.06.18"]
[Round "4"]
[White "Flawless_Fighter"]
[Black "GrotBchess"]
[Result "0-1"]
[WhiteElo "2786"]
[BlackElo "2594"]
[TimeControl "180+1"]
[EndTime "14:43:20 PDT"]
[Termination "GrotBchess won by resignation"]

1. d4 Nf6 2. Nf3 e6 3. g3 d5 4. Bg2 Be7 5. O-O O-O 6. c4 dxc4 7. Qc2 b6 8. Nbd2 Bb7 9. Nxc4 Nbd7 10. Rd1 c5 11. b3 Rc8 12. dxc5 Bxc5 13. Qb2 Qe7 14. Bf4 Ne4 15. Be3 Bxe3 16. Nxe3 Ndf6 17. Rac1 h6 18.
Ne5 Nc5 19. b4 Nce4 20. b5 Nc5 21. N3c4 Bxg2 22. Kxg2 Qb7+ 23. f3 a6 24. Nd6 Qa7 25.
Nxc8 Rxc8 26. bxa6 Qxa6 27. Rd6 Nd5 28. Qd2 Qa8 29.
e4 Qb8 30. Nc4 b5 31. exd5 bxc4 32. dxe6 Nxe6 33. Rd5 Qb7 34. Rd7 Qc6 35. Qd5 Qa4 36.
f4 Qxa2+ 37. Kh3 Qe2 38. Qf5 Qe3 39. Qxf7+ Kh8 40. Kg2 Rf8 41. Qe7 Qe2+ 42. Kh3 Qe3 43. Rc2 Nxf4+ 44. Kg4 Qxe7 45. Rxe7 Nd5 46. Re4 Nf6+ 47.
Kf5 Nxe4+ 48. Kxe4 Rc8 49. Kd4 Kh7 50. Kc3 Kg6 51. Rf2 Kg5 52. Rf4 h5 53. h4+ Kg6 54.
Rd4 Kf5 55. Rf4+ Ke5 56. Rf7 g6 57. Rg7 Kf5 58. Rf7+ Kg4 59. Rg7 Kxg3 60. Rxg6+ Kxh4 61. Rg7 Kh3 62. Rg5 h4 63. Rg7 Kh2 64. Rg6 h3 65. Rg7 Kh1 66. Rg5 h2 67. Rg7 Rf8 68.
Kxc4 Rf2 69. Kd3 Rg2 70. Ra7 Rg3+ 71. Ke4 Kg2 72. Ra2+ Kh3 73. Ra1 Rg1 74. Ra3+ Kg4 75. Ra7 h1=Q+ 0-1

[Event "Late-Titled-Tuesday-Blitz-June-18-2024"]
[Site "Chess.com"]
[Date "2024.06.18"]
[Round "4"]
[White "schondeln"]
[Black "Sic_Transit_GM"]
[Result "1-0"]
[WhiteElo "2356"]
[BlackElo "2530"]
[TimeControl "180+1"]
[EndTime "14:43:22 PDT"]
[Termination "schondeln won by checkmate"]

1. e4 e5 2. Nf3 Nc6 3. Nc3 Nf6 4.
d4 exd4 5. Nxd4 Bb4 6. Nxc6 bxc6 7. Bd3 d5 8. exd5 O-O 9. O-O cxd5 10. h3 h6 11. Qf3 c6 12. Bf4 Bd6 13. Rfe1 Rb8 14.
b3 Rb4 15. Bxd6 Qxd6 16. Rad1 a5 17. Qg3 Qxg3 18. fxg3 Be6 19. Na4 Nd7 20. c3 Rbb8 21. c4 Rfe8 22. cxd5 Bxd5 23. Nc3 Nc5 24. Bf1 Rxe1 25.
Rxe1 Kf8 26. Rd1 Rd8 27. Rd4 Ne6 28. Ra4 Ra8 29. b4 c5 30. Nxd5 cxb4 31. Nxb4 Nc5 32. Ra3 Rd8 33. Nd3 Ne4 34. Rxa5 Nd2 35. Ra3 Nc4 36. Rc3 Ne3 37. Nf2 Nf5 38. g4 Nd6 39. Be2 Rb8 40. Rc2 Rb1+ 41. Kh2 f5 42. Bf3 g5 43. Rd2 fxg4 44. Nxg4 Nf7 45. a4 Ra1 46. Rd4 h5 47. Ne3 g4 48. hxg4 hxg4 49. Rxg4 Ne5 50.
Rf4+ Kg7 51. Ng4 Nd3 52. Rd4 Nc5 53. Bc6 Ra2 54. Bb5 Kg6 55. Kh3 Ra3+ 56. g3 Ne6 57. Rd6 Kf5 58. Bd7 Kg5 59. Rxe6 Rd3 60. Re5+ Kg6 61.
Bb5 Ra3 62. Rc5 Kg7 63. Rc6 Kf7 64. Kh4 Ke7 65. Rc5 Kf7 66. Rh5 Kg7 67. Rf5 Ra1 68.
Rg5+ Kh7 69. Rc5 Kg7 70. Rc6 Kf7 71. Kg5 Re1 72. a5 Re4 73. a6 Kg7 74. Rc7+ Kg8 75. a7 Re5+ 76. Nxe5 Kh8 77. a8=Q# 1-0

[Event "Late-Titled-Tuesday-Blitz-June-18-2024"]
[Site "Chess.com"]
[Date "2024.06.18"]
[Round "4"]
[White "NovakRatko"]
[Black "only_strong_moves"]
[Result "0-1"]
[WhiteElo "2408"]
[BlackElo "2645"]
[TimeControl "180+1"]
[EndTime "14:43:29 PDT"]
[Termination "only_strong_moves won by resignation"]

1. d4 Nf6 2. c4 e6 3. Bg5 d5 4. Nc3 Be7 5. Nf3 O-O 6. e3 h6 7. Bh4 c6 8. Bd3 Nbd7 9. a4 Re8 10. O-O dxc4 11. Bxc4 Nb6 12. Bb3 a5 13. Qd3 Nfd5 14. Bc2 g6 15. Nxd5 Nxd5 16. Bxe7 Qxe7 17. Ne5 Nb4 18. Qd2 Kg7 19. Bb3 f6 20. Nf3 g5 21. h3 h5 22. Nh2 f5 23. Nf3 g4 24.
hxg4 hxg4 25. Ne5 Qh4 26. Rfc1 Rh8 27. Kf1 Qh1+ 28. Ke2 Qxg2 29. Rg1 Qh2 30. Rh1 Qxh1 31. Rxh1 Rxh1 32. e4 Kf6 33. Qf4 Rh3 34. Nxg4+ Ke7 35.
Qc7+ Bd7 36. Ne5 Rd8 37. Qxa5 Rxb3 38. Qc5+ Ke8 39. Ng6 Rxb2+ 40. Kf1 Kf7 41. Qe7+ Kxg6 42. Qxd8 fxe4 43. Qxd7 Kf6 44. Qd8+ Kf7 45. Qc7+ Ke8 46.
Qxb7 Kd8 47. a5 Nd3 48. Qxc6 Rxf2+ 49. Kg1 e3 50. Qb6+ Ke7 51. Qc7+ Kf6 52. Qd8+ Kf5 53. Qf8+ Ke4 54. Qa8+ Kf4 55. Qb8+ Ke4 56. Qb7+ Kf4 57. Qc7+ Ke4 58. Qc6+ Kf5 59. Qb5+ Ke4 60. Qc6+ Kxd4 61. Qd6+ Kc3 62. Qxe6 e2 63. Qc6+ Kd2 64. Qh6+ Kc2 65.
Qc6+ Kd1 66. Qa4+ Kd2 67. Qa2+ Ke3 68. Qe6+ Kd4 69. Qd6+ Kc4 70. Qc6+ Kd4 71. Qd6+ Kc3 72. Qc6+ Kd2 73. Qh6+ Kd1 74. Qh5 Kc2 75. Qe8 Rf1+ 76. Kg2 e1=Q 77. Qc6+ Kd2 78. Qh6+ Nf4+ 0-1

[Event "Late-Titled-Tuesday-Blitz-June-18-2024"]
[Site "Chess.com"]
[Date "2024.06.18"]
[Round "4"]
[White "drragnar1"]
[Black "CrushingKings"]
[Result "1-0"]
[WhiteElo "2420"]
[BlackElo "2632"]
[TimeControl "180+1"]
[EndTime "14:43:36 PDT"]
[Termination "drragnar1 won by resignation"]

1. Nf3 g6 2. c4 Bg7 3. Nc3 d6 4. g3 Nd7 5. Bg2 Ngf6 6. O-O O-O 7. Rb1 c5 8. a3 Rb8 9. b4 b6 10. d3 Bb7 11. bxc5 Nxc5 12. a4 Bc6 13. Ra1 Nfe4 14.
Nxe4 Bxa1 15. Bh6 Bg7 16. Bxg7 Kxg7 17. Qa1+ Kg8 18. Neg5 h6 19. Nh3 e5 20. Nh4 Bxg2 21.
Kxg2 Re8 22. Kg1 d5 23. cxd5 Qxd5 24. Nf3 Rbc8 25. a5 Nb3 26. Qb2 bxa5 27. Nd2 Nxd2 28.
Qxd2 Kg7 29. f4 e4 30. Nf2 e3 31. Qb2+ Kg8 32. Ng4 Rc6 33. Nf6+ Rxf6 34. Qxf6 Re6 35. Qc3 Rc6 36. Qb2 a4 37. Qb8+ Kg7 38. Qxa7 Rc2 39.
Qxa4 Rxe2 40. Qe4 Qxe4 41. dxe4 g5 42. h3 Kg6 43. Rf3 Re1+ 44. Kg2 e2 45. Kf2 Rh1 46. Kxe2 Rxh3 47. f5+ Kf6 48. Rb3 Ke5 49. Kf3 h5 50.
Rb5+ Kf6 51. Rb6+ Ke5 52. Rb5+ Kd4 53. Rd5+ Kc4 54. Kg2 g4 55. Rd8 h4 56. gxh4 Rxh4 57.
Kg3 Rh1 58. Kxg4 Re1 59. Kf4 f6 60. Rd6 Rf1+ 61. Ke3 Re1+ 62. Kf3 Rf1+ 63. Ke2 Rf4 64. Ke3 Rh4 65. Rxf6 Kc5 66. Rf8 Kd6 67. Rd8+ Ke5 68. Re8+ Kd6 69. Re6+ Kd7 70. Kd4 Rh1 71. Ke5 Rh7 72. Rg6 Re7+ 73. Kf4 Rh7 74. Ra6 Rh6 75.
Rxh6 1-0

[Event "Late-Titled-Tuesday-Blitz-June-18-2024"]
[Site "Chess.com"]
[Date "2024.06.18"]
[Round "4"]
[White "micke12a"]
[Black "dolynachess"]
[Result "0-1"]
[WhiteElo "2380"]
[BlackElo "2553"]
[TimeControl "180+1"]
[EndTime "14:43:38 PDT"]
[Termination "dolynachess won on time"]

1. e4 c5 2. Nc3 d6 3. d4 cxd4 4. Qxd4 Nc6 5. Qd2 Nf6 6. b3 g6 7. Bb2 Bg7 8. O-O-O O-O 9. f3 Qa5 10. Kb1 Bd7 11. Nge2 Rfc8 12. g4 b5 13. Nd5 Qxd2 14. Rxd2 Nxd5 15. exd5 Ne5 16. Nd4 b4 17. h3 Bh6 18.
Rd1 a5 19. h4 Bg7 20. Be2 Rc5 21. Rhg1 Rxd5 22. f4 Nc6 23. Bf3 Bxd4 24. Bxd4 Rb5 25. Bb2 Rc8 26. Be4 Nd8 27. f5 Bc6 28. Bd3 Rc5 29. Bd4 Nb7 30. Bxc5 Nxc5 31. fxg6 hxg6 32. h5 Nxd3 33. Rxd3 Be4 34. Rd2 Kg7 35. hxg6 Bxg6 36. Kb2 Rc5 37. Rc1 Rc3 38. a3 Rg3 39. Rd4 bxa3+ 40. Kxa3 Rg2 41. Kb2 Kf6 42. Ra4 Kg5 43. Rxa5+ Kxg4 44. Ra4+ Kg5 45. b4 Be4 46. b5 f5 47. b6 Bc6 48. Rc4 Bd5 49. Rc7 Rh2 50. Rc6 Bxc6 51. Kb3 Bb7 52. c4 Rh8 53. Ra1 Rc8 54.
Kb4 Be4 55. Ra7 Rb8 56. Kb5 f4 57. Rxe7 Kf5 58. Rd7 Ke5 59. Re7+ Kd4 60. Rd7 d5 61. c5 Ke5 62. c6 d4 63. c7 Rc8 64. Rd8 Bb7 65. Rxc8 Bxc8 66. Kc6 d3 67. b7 Bxb7+ 68.
Kxb7 d2 69. c8=Q d1=Q 70. Qc3+ Ke4 71. Qb4+ Qd4 72. Qe1+ Qe3 73. Qb4+ Kf3 74. Qf8 Kf2 75. Kc6 f3 76. Qf5 Ke2 77. Qc2+ Qd2 78. Qe4+ Qe3 79. Qc2+ Kf1 80. Qd1+ Kg2 81. Qd5 Kg3 82. Qg8+ Kf2 0-1

[Event "Late-Titled-Tuesday-Blitz-June-18-2024"]
[Site "Chess.com"]
[Date "2024.06.18"]
[Round "4"]
[White "IMRosen"]
[Black "duone"]
[Result "1-0"]
[WhiteElo "2744"]
[BlackElo "2425"]
[TimeControl "180+1"]
[EndTime "14:43:42 PDT"]
[Termination "IMRosen won by checkmate"]

1. e4 c6 2. d4 d5 3. exd5 cxd5 4. c3 Nc6 5. Bd3 Nf6 6. Bf4 e6 7. Nf3 Bd6 8. Bg3 O-O 9. Qe2 Bxg3 10. hxg3 h6 11.
Nbd2 a6 12. Ne5 Ne7 13. g4 Nd7 14. g5 Nxe5 15. dxe5 d4 16. gxh6 g6 17. Ne4 Nd5 18.
cxd4 Kh7 19. Qf3 f5 20. exf6 Nxf6 21. Ng5+ Kh8 22. Qf4 Qa5+ 23. Kf1 Bd7 24. Qe5 Qxe5 25. dxe5 Ng4 26. Nf3 Bc6 27. Rh3 Rf4 28. Re1 Raf8 29.
Rg3 Bxf3 30. gxf3 Nh2+ 31. Kg2 Nxf3 32. Re2 Nd4 33. Rd2 Nf5 34. Bxf5 R4xf5 35. Rxg6 Rxe5 36. Rg3 Rg8 37. Rd7 Rxg3+ 38. Kxg3 Rb5 39. b3 e5 40. Kg4 Rb6 41. Kg5 e4 42. Re7 Rb5+ 43. Kg6 Rb6+ 44. Kg5 Rb5+ 45. Kf6 Rb6+ 46. Re6 Rb5 47. Rxe4 Kh7 48. Re3 Rb6+ 49. Kf7 Rxh6 50. Rg3 Rc6 51. f4 Rc7+ 52. Ke6 Rc6+ 53. Ke5 Rc5+ 54. Ke4 Rc2 55. a4 Re2+ 56. Kd5 Rf2 57. Ke5 Re2+ 58. Kf6 Rf2 59. f5 Rc2 60. Ke6 Rc6+ 61. Ke5 Rc5+ 62. Kf6 Rc6+ 63. Ke7 Rc7+ 64. Kd6 Rf7 65. Ke6 Rc7 66.
f6 Rc6+ 67. Kf7 Rc7+ 68. Kf8 Rc8+ 69. Ke7 Rc7+ 70. Ke8 Rc8+ 71. Kd7 Rc1 72. f7 Rf1 73. Ke6 Re1+ 74. Kf6 Rf1+ 75. Ke7 Re1+ 76. Kf8 Rf1 77. Rg4 Kh6 78. Ke7 Re1+ 79. Kf6 Rf1+ 80. Ke6 Re1+ 81.
Kd6 Rf1 82. Ke7 Re1+ 83. Kf8 Rf1 84. Rb4 Kg6 85. Rb6+ Kh7 86. Rxb7 Rf6 87. b4 Kg6 88. Kg8 Rd6 89. f8=Q a5 90. Qxd6+ Kg5 91. Rb5+ Kg4 92. bxa5 Kf3 93. Qd3+ Kg2 94. Rb2+ Kh1 95. Qc2 Kg1 96. Qb1# 1-0

[Event "Late-Titled-Tuesday-Blitz-June-18-2024"]
[Site "Chess.com"]
[Date "2024.06.18"]
[Round "4"]
[White "Korchmar_Vasiliy"]
[Black "mostafa_sakha"]
[Result "1/2-1/2"]
[WhiteElo "2642"]
[BlackElo "2427"]
[TimeControl "180+1"]
[EndTime "14:43:43 PDT"]
[Termination "Game drawn by repetition"]

1. e4 e5 2. Nf3 Nc6 3. Bc4 Nf6 4. d3 Be7 5. O-O O-O 6. Nc3 d6 7. a4 Be6 8. Nd5 Na5 9. Ba2 c5 10. c3 Nc6 11. h3 Bxd5 12. exd5 Nb8 13. Re1 Nbd7 14.
d4 cxd4 15. cxd4 e4 16. Ng5 Re8 17. Nxe4 Nxe4 18. Rxe4 Nf6 19. Re2 Qa5 20. Bd2 Qb6 21. Bc3 Bf8 22. Bc4 Rxe2 23. Qxe2 Re8 24. Qd3 a6 25. a5 Qc7 26. Re1 g6 27. Rxe8 Nxe8 28. g3 Bg7 29. Kg2 h5 30. b3 Bf6 31. Bb4 Ng7 32.
g4 hxg4 33. hxg4 Qe7 34. Qg3 Ne8 35. Qf4 Bg5 36. Qf3 Kg7 37. Bd3 Nf6 38. Qg3 Nxd5 39. Bxd6 Qe1 40. Qe5+ Qxe5 41. Bxe5+ f6 42. Bd6 Nf4+ 43.
Bxf4 Bxf4 44. Be4 Bd2 45. Bxb7 Bxa5 46. Bxa6 Bb6 47. d5 Kf7 48. f3 Ke7 49. Kf1 Kd6 50. Bc4 Bc5 51. Ke2 Bb4 52. Kd3 Ke5 53. Ke3 g5 54.
Kd3 Ba5 55. Kc2 Bb4 56. Kd1 Ba5 57. Ke2 Bb4 58. Kf2 Ba5 59. Kg2 Bb4 60. Kf1 Ba5 61. Ke2 Bb4 62. Kd3 Ba5 63. Ba6 Kxd5 64. Bb7+ Kc5 65.
Ke4 Bc3 66. Kf5 Bb2 67. Ke6 Kb4 68. Bd5 Ba1 69. Kd6 Bb2 70. Be4 Ba1 71. Kd5 Bb2 72. Ke6 Ba1 73. Bd5 Bb2 74. Kf5 Ba1 75. Bg8 Bb2 76. Bc4 Ba1 77. Be6 Bb2 78. Bf7 Ba1 79. Ke4 Bb2 80. Kf5 Ba1 81. f4 gxf4 82. Kxf4 Bb2 83. Kf5 Ba1 84. Bc4 Bb2 85. Ke4 Ba1 86.
Kd5 Bb2 87. Ke6 Ba1 88. Kf7 Bb2 89. Ke8 Ba1 90. Kd7 Bb2 91. Kc6 Ba1 92. Kd5 Bb2 93. Ke4 Ba1 94. Kd3 Bb2 95. Kc2 Ba1 96. Kb1 Be5 97. Kc2 Ba1 98. Kd3 Bb2 99. Ke4 1/2-1/2

[Event "Late-Titled-Tuesday-Blitz-June-18-2024"]
[Site "Chess.com"]
[Date "2024.06.18"]
[Round "4"]
[White "dosto07"]
[Black "urano56"]
[Result "1-0"]
[WhiteElo "2613"]
[BlackElo "2389"]
[TimeControl "180+1"]
[EndTime "14:43:43 PDT"]
[Termination "dosto07 won on time"]

1. e4 e6 2. d4 d5 3. Nd2 c5 4.
exd5 exd5 5. Ngf3 a6 6. dxc5 Bxc5 7. Bd3 Qe7+ 8. Qe2 Qxe2+ 9. Kxe2 Nf6 10. Nb3 Ba7 11. Re1 O-O 12. Kf1 Nc6 13. Be3 Bg4 14. Bxa7 Rxa7 15. Ne5 Nxe5 16. Rxe5 Rc8 17. c3 h6 18. f3 Bd7 19. Nd4 Kf8 20. Rae1 g6 21. g4 b5 22. a3 Rb7 23. h4 Rc5 24. g5 hxg5 25. hxg5 Nh5 26. Nb3 Rc8 27. Rxd5 Be6 28. Rc5 Rd8 29. Nd4 Nf4 30. Be4 Rbd7 31. Kf2 Bd5 32.
Kg3 Nh5+ 33. Kg4 Bxe4 34. Rxe4 Ng7 35. Rc6 Rd6 36. Rxd6 Rxd6 37. Re5 Ne8 38. Rc5 f5+ 39. Kf4 Ke7 40. Rc6 Kd7 41. Rxd6+ Kxd6 42. Ke3 Nc7 43. f4 Nd5+ 44. Kf3 Nb6 45. Nc2 Nc4 46. b4 Nd2+ 47. Ke2 Ne4 48. Kd3 Nf2+ 49. Kd4 Nh3 50. Ke3 Ng1 51. Nd4 Kd5 52. Kd3 Nh3 53. Ne2 Nf2+ 54. Ke3 Ne4 55. Kd3 Nf2+ 56. Kc2 Ne4 57. Ng1 Nf2 58.
Nf3 Nh3 59. Ne5 Nxf4 60. Nd7 Ne6 61. Nb8 Nc7 62. Nd7 f4 63. Kd3 Ke6 64. Nc5+ Kf5 65. c4 bxc4+ 66. Kxc4 Kg4 67. Kd3 Kg3 68. Ne4+ Kg2 69. a4 f3 70. Ke3 Nd5+ 71. Kd4 Nf4 72. b5 axb5 73. axb5 f2 74. Nxf2 Kxf2 75. b6 Ne6+ 76.
Kd5 Nd8 77. Ke5 Kg3 78. Kf6 Kf4 79. Kxg6 Ke5 80. Kh7 Kd6 81. g6 Ne6 82. Kg8 Kc6 83. Kf7 1-0

[Event "Late-Titled-Tuesday-Blitz-June-18-2024"]
[Site "Chess.com"]
[Date "2024.06.18"]
[Round "4"]
[White "HajiyevKanan"]
[Black "ChessLover0108"]
[Result "0-1"]
[WhiteElo "2563"]
[BlackElo "2940"]
[TimeControl "180+1"]
[EndTime "14:43:44 PDT"]
[Termination "ChessLover0108 won by checkmate"]

1. d4 Nf6 2. Nf3 d5 3. e3 e6 4. Be2 Bd6 5. O-O b6 6. c4 Bb7 7.
b3 Nbd7 8. Bb2 O-O 9. Nbd2 Qe7 10. Rc1 e5 11. dxe5 Nxe5 12. Nxe5 Bxe5 13. Bxe5 Qxe5 14.
Nf3 Qe7 15. Qc2 Rfd8 16. Rfd1 c5 17. Qf5 Rd6 18. Qg5 Rad8 19. Nh4 h6 20. Nf5 hxg5 21.
Nxe7+ Kf8 22. Nf5 R6d7 23. cxd5 Bxd5 24. Bb5 Bc6 25. Rxd7 Bxd7 26. Rd1 g6 27. Ng3 Ke7 28. Be2 Rc8 29. Kf1 Be6 30. Ba6 Rc7 31. Rc1 Nd5 32.
a3 Nf6 33. Rc3 Rd7 34. Ke2 Bg4+ 35. f3 Be6 36. Bb5 Rd8 37. e4 Nd7 38. b4 Rc8 39. Bxd7 Kxd7 40. bxc5 bxc5 41. Nf1 Kc6 42. Ne3 Rb8 43. Kd3 Rb2 44. Rc2 Rb3+ 45. Rc3 Rb1 46.
h3 Kb5 47. Rc2 Rb3+ 48. Rc3 Rb2 49. Rc2 Rb1 50. Rc3 a5 51. Nd5 Kc6 52. Ne3 a4 53. Kc2 Re1 54. Kd2 Ra1 55. Kc2 Bb3+ 56. Kd3 Rxa3 57. Nd5 Kb5 58. Nc7+ Kb4 59. Ne8 Ra2 60. Nd6 Rxg2 61. e5 Rg1 62. Ne4 Rd1+ 63. Ke3 Rd5 64. f4 gxf4+ 65. Kxf4 Rd4 66. Rc1 Bd5 67.
Rb1+ Ka5 68. Kg5 Rxe4 69. Rc1 Rxe5+ 70. Kf6 Rf5+ 71. Ke7 Be6 72. Kd6 a3 73. h4 a2 74. h5 gxh5 75. Kc6 Kb4 76. Kb6 c4 77. Re1 c3 78. Kc6 Bc4 79. Kd6 Rd5+ 80. Kc6 c2 81. Rc1 Bb3 82. Rxc2 Bxc2 83. Kxd5 a1=Q 84. Kd6 Qf6+ 85.
Kc7 Kc5 86. Kd7 Ba4+ 87. Kc7 Qe7+ 88. Kb8 Kb6 89. Kc8 Qe8# 0-1

[Event "Late-Titled-Tuesday-Blitz-June-18-2024"]
[Site "Chess.com"]
[Date "2024.06.18"]
[Round "4"]
[White "Individoom"]
[Black "CFalcons8"]
[Result "1-0"]
[WhiteElo "2796"]
[BlackElo "2433"]
[TimeControl "180+1"]
[EndTime "14:43:48 PDT"]
[Termination "Individoom won by resignation"]

1. e4 c5 2. d4 cxd4 3. c3 dxc3 4. Nxc3 Nc6 5. Nf3 e6 6. Bc4 d6 7.
O-O Nf6 8. Qe2 Be7 9. Rd1 e5 10. h3 O-O 11. Be3 a6 12. Rac1 h6 13. a3 Be6 14. Bxe6 fxe6 15. Na4 Qe8 16. Nb6 Rd8 17. Nc4 Nxe4 18. Bb6 Qg6 19. Bxd8 Rxd8 20. Ne3 d5 21. Ng4 Bd6 22. Rxc6 bxc6 23. Ngxe5 Qe8 24. Qxa6 c5 25. Qe2 Rb8 26. Rc1 Qa4 27. Rc2 Qb3 28. Nc6 Rc8 29.
Nce5 Qb8 30. Ng4 Rf8 31. Nd2 Rf4 32. g3 Rf5 33. Nxe4 dxe4 34. Qxe4 Qb3 35. Re2 Kf7 36. Kg2 Qd5 37. Qxd5 Rxd5 38. Ne3 Rd4 39. Rc2 Be7 40. Nc4 Kf6 41. a4 Rd1 42. a5 Ra1 43. Na3 c4 44. Nxc4 Bb4 45. Re2 Bxa5 46. Ne5 Bc7 47. Nd7+ Kf7 48. Nc5 e5 49. Nd7 Ra5 50.
b4 Rb5 51. Nc5 Rxb4 52. Rd2 Kg6 53. Rd7 Bb6 54. Nd3 Rd4 55. Nxe5+ Kf6 56. f4 Bc5 57.
Rf7+ Ke6 58. Rxg7 Rd2+ 59. Kf3 Rf2+ 60. Kg4 Rh2 61. Rg6+ Kd5 62. Rxh6 Bf2 63. Rg6 Kd4 64.
h4 Ke4 65. Re6 Rg2 66. Ng6+ Kd5 67. Re5+ Kd6 68. Kf5 Rxg3 69. h5 Rh3 70. Kg4 Rh1 71.
Re2 Bd4 72. Ne5 Bxe5 73. fxe5+ Ke6 74. Kg5 Rg1+ 75. Kh6 Rh1 76. Kg6 Rg1+ 77. Kh7 Rg5 78. h6 Ke7 79. e6 Ke8 80. e7 Rg4 81. Re6 Rg3 82. Rg6 Rh3 83. Kg7 Kxe7 84. h7 1-0

[Event "Late-Titled-Tuesday-Blitz-June-18-2024"]
[Site "Chess.com"]
[Date "2024.06.18"]
[Round "4"]
[White "marvinguevara"]
[Black "VirtualCoach"]
[Result "1-0"]
[WhiteElo "2156"]
[BlackElo "2338"]
[TimeControl "180+1"]
[EndTime "14:43:48 PDT"]
[Termination "marvinguevara won by checkmate"]

1. e4 c5 2. Nf3 d6 3. d4 cxd4 4. Nxd4 Nf6 5. Nc3 a6 6. Be2 e5 7. Nb3 Be6 8. f4 Be7 9. O-O O-O 10. Be3 b5 11. f5 Bc4 12. Bxc4 bxc4 13. Nd2 Qc7 14.
g4 h6 15. g5 hxg5 16. Bxg5 Qb6+ 17. Kh1 Qxb2 18. Bxf6 Bxf6 19. Nd5 Bg5 20. Nxc4 Qb5 21. Nxd6 Qa4 22. Qg4 f6 23. Ne7+ Kh7 24. Qh5+ Bh6 25. Qg6+ Kh8 26. Nf7+ Rxf7 27. Qxf7 Qxe4+ 28. Kg1 Be3+ 29. Rf2 Bxf2+ 30. Kxf2 Qf4+ 31. Ke2 Qe4+ 32. Kf2 Qd4+ 33. Ke2 Qg4+ 34. Kd2 Nc6 35. Nxc6 Qg2+ 36. Kc1 Qxc6 37. Rb1 Rc8 38. Qb3 Qh1+ 39. Kb2 Qxh2 40. Ka1 Qh4 41. c3 Qh3 42. Rc1 a5 43. Qb7 Rxc3 44. Rh1 Kh7 45.
Rxh3+ Rxh3 46. Qg2 Rh6 47. Kb2 e4 48. Qxe4 Rh2+ 49.
Kb3 Rh3+ 50. Ka4 Rh2 51. Qe6 Kh6 52. Kxa5 Kg5 53. Kb6 Rb2+ 54. Kc5 Rc2+ 55. Kd4 Rd2+ 56. Ke3 Rd1 57. Kf2 Rd2+ 58. Ke1 Rd4 59. Qe3+ Rf4 60. a4 Kxf5 61. a5 Re4 62. Qxe4+ Kxe4 63. a6 f5 64. a7 Kf3 65. a8=Q+ Kg3 66. Kf1 g5 67.
Qg8 g4 68. Qb3+ Kh4 69. Kg1 f4 70. Qb8 Kg3 71. Qb3+ f3 72. Qb8+ Kh3 73. Kf2 Kh4 74. Qh8+ Kg5 75. Qg7+ Kf4 76. Qd4+ Kg5 77. Kg3 f2 78.
Qxg4+ Kh6 79. Kxf2 Kh7 80. Ke3 Kh6 81. Kd4 Kh7 82. Kd5 Kh8 83. Ke6 Kh7 84. Kf7 Kh8 85. Qg7# 1-0

[Event "Late-Titled-Tuesday-Blitz-June-18-2024"]
[Site "Chess.com"]
[Date "2024.06.18"]
[Round "4"]
[White "IngOscarArdila"]
[Black "MaestroCheck"]
[Result "0-1"]
[WhiteElo "2424"]
[BlackElo "2614"]
[TimeControl "180+1"]
[EndTime "14:43:56 PDT"]
[Termination "MaestroCheck won on time"]

1. d4 d5 2. c4 c6 3. cxd5 cxd5 4. Nc3 Nc6 5. Nf3 Nf6 6. Bf4 a6 7. e3 Bg4 8. Be2 e6 9. h3 Bh5 10. O-O Bd6 11. Bxd6 Qxd6 12. Rc1 O-O 13. a3 Rac8 14. Na4 Rc7 15. Nc5 Rfc8 16. Qd2 Ne4 17. Nxe4 dxe4 18. Nh2 Bxe2 19. Qxe2 Na5 20. Rxc7 Rxc7 21.
Ng4 f6 22. f3 exf3 23. Qxf3 Nc4 24. Qf2 b5 25. e4 Rd7 26. Rd1 Qc6 27. Qe2 Qb6 28.
Qf2 Nd6 29. Qe3 Nc4 30. Qf2 h5 31. Nh2 e5 32. Nf3 exd4 33. Rxd4 Rxd4 34. Nxd4 Ne5 35. b3 Qc5 36. a4 b4 37. Nf5 Qc1+ 38. Kh2 Qc3 39.
Qa7 Nf7 40. Qe7 Qe5+ 41. Qxe5 Nxe5 42. Kg3 Kf7 43. Kf4 Nd3+ 44. Ke3 Nc5 45. Nd4 g6 46.
Kf4 Ke8 47. e5 Kf7 48. exf6 Kxf6 49. g4 g5+ 50. Ke3 h4 51. Nc6 Nxb3 52. Nxb4 a5 53. Nc6 Nc5 54. Nxa5 Nxa4 55. Kd4 Nb2 56. Nc6 Nd1 57.
Ne5 Nf2 58. Nd7+ Ke6 59. Nc5+ Kf7 60. Ne4 Nxh3 61. Ke5 Kg6 62. Ke6 Nf4+ 63. Ke5 h3 64. Ng3 h2 65. Ke4 Ne2 66. Nh1 Kf6 67. Kf3 Nd4+ 68. Kg3 Ke5 69. Kxh2 Kf4 70. Kh3 Nf3 71. Nf2 Ng1+ 72. Kg2 Ne2 73. Kh3 Kf3 74. Nd3 Nf4+ 75. Nxf4 Kxf4 76. Kh2 Kf3 77. Kh3 Kf2 78. Kh2 Ke3 79.
Kg3 Kd4 80. Kf2 Kd3 81. Kf3 Kd4 82. Kf2 Ke4 83. Ke2 Kf4 84. Kf2 Kxg4 85. Kg2 Kh4 86.
Kh2 g4 87. Kg2 g3 88. Kg1 Kh3 89. Kh1 Kg4 90. Kg2 Kf4 91. Kf1 Kf3 92. Kg1 Ke3 93. Kg2 Kf4 94. Kf1 Kf3 95. Kg1 g2 96. Kh2 Kf2 97.
Kh3 g1=Q 0-1

[Event "Late-Titled-Tuesday-Blitz-June-18-2024"]
[Site "Chess.com"]
[Date "2024.06.18"]
[Round "4"]
[White "amintabatabaei"]
[Black "ameetghasi100"]
[Result "1-0"]
[WhiteElo "3035"]
[BlackElo "2752"]
[TimeControl "180+1"]
[EndTime "14:44:04 PDT"]
[Termination "amintabatabaei won on time"]

1. d4 Nf6 2. Nf3 g6 3. Bg5 h6 4.
Bxf6 exf6 5. e3 Bg7 6. c4 O-O 7.
Nc3 f5 8. g3 c5 9. Bg2 cxd4 10.
Nxd4 Nc6 11. Nde2 a6 12. O-O b5 13. cxb5 axb5 14. Nxb5 Bxb2 15. Rb1 Bg7 16. a4 Qa5 17. Ned4 Qxa4 18. Nxc6 dxc6 19. Bxc6 Qxd1 20. Rfxd1 Rb8 21.
Nd4 Ba6 22. Bf3 Bc4 23. Rbc1 Ba2 24. Nc6 Rb2 25. Bd5 Bf6 26. Bxa2 Rxa2 27. Nb4 Ra7 28. Rc6 Be7 29. Nd5 Kg7 30. Nf4 Rd8 31. Rxd8 Bxd8 32. Kg2 h5 33. h4 Rd7 34. Kf3 Bc7 35. Nh3 Bd8 36. Ra6 Bf6 37. Nf4 Be5 38. Ne2 Rd2 39. Ra4 Rd7 40. Rc4 Re7 41. Rc2 Rd7 42. Nd4 Kf6 43.
Nb3 Rc7 44. Ra2 Rc3 45. Nd2 Kg7 46. Kg2 Bf6 47. Nf3 Rd3 48. Ra7 Rd1 49. Rb7 Rd5 50.
Kf1 Rd1+ 51. Ke2 Ra1 52. Rd7 Ra2+ 53. Kf1 Ra1+ 54. Kg2 Ra2 55. Nd4 Ra6 56. Kf3 Be5 57. Rb7 Rd6 58. Nb3 Rc6 59. Rb5 Bf6 60. Nc5 Be7 61. Nd3 Bf6 62. Nb4 Rd6 63. Nd5 Rd7 64. Kf4 Rd6 65. Kf3 Rd7 66. e4 fxe4+ 67. Kxe4 Rd6 68. Rb7 Re6+ 69. Kf3 Rd6 70. Nf4 Be5 71.
Ne2 Rf6+ 72. Kg2 Re6 73. Rb5 Re7 74. Ng1 Re6 75. Nh3 Re7 76. Ng5 Bf6 77. Nf3 Re2 78. Kf1 Ra2 79. Rd5 Ra1+ 80. Kg2 Ra2 81. Nd2 Ra4 82. Kf3 Rd4 83. Rxd4 Bxd4 84. Ne4 Be5 85. Ke3 Bb8 86. Ng5 Ba7+ 87. Kf3 Bb6 88. Nh3 Bc7 89. Ke4 Bb6 90. Kd3 Kf6 91. Ke2 Kf5 92. Kf3 Kf6 93. Nf4 Ba7 94. Nd3 Ke6 95. Kf4 Bb8+ 96. Kg5 Bd6 97. Nf4+ Bxf4+ 98. gxf4 Ke7 99. f5 gxf5 100. Kxf5 Kf8 101. Kg5 Kg7 102. Kxh5 Kh7 103. Kg5 Kg7 104. f4 f6+ 105. Kf5 Kf7 106. h5 Kg7 107. h6+ Kxh6 108. Kxf6 Kh7 109. f5 Kg8 110. Ke7 Kh7 111. f6 1-0